 Dungeon Crawl Stone Soup version 0.29-a0-322-g68df515428 (webtiles) character file.

Game seed: 13898029806447488846

2 Flugslaktarn the Stinger (level 1, 13/13 HPs)
             Began as a Human Venom Mage on Apr 6, 2022.
             Was an Initiate of Gozag.
             Quit the game on level 1 of the Dungeon.
             The game lasted 00:00:16 (51 turns).

Flugslaktarn the Stinger (Human Venom Mage)           Turns: 51, Time: 00:00:16

Health: 13/13      AC:  2    Str:  8    XL:     1   Next: 44%
Magic:  1/3        EV: 12    Int: 15    God:    Gozag
Gold:   12         SH:  0    Dex: 13    Spells: 3/4 levels left

rFire   . . .      SeeInvis .   (no weapon)
rCold   . . .      Faith    .   (no shield)
rNeg    . . .      Spirit   .   a - +0 robe
rPois   .          Reflect  .   (no helmet)
rElec   .          Harm     .   (no cloak)
rCorr   .          Rampage  .   (no gloves)
Will    .....                   (no boots)
Stlth   ++........              (no amulet)
HPRegen 0.04/turn               (no ring)
MPRegen 0.08/turn               (no ring)

@: no status effects
A: no striking features
a: Renounce Religion, Potion Petition, Call Merchant, Bribe Branch


You were on level 1 of the Dungeon.
You worshipped Gozag.
Gozag was noncommittal.
You visited 1 branch of the dungeon, and saw 1 of its levels.

You collected 12 gold pieces.

Inventory:

Armour
 a - a +0 robe (worn)
Potions
 b - a potion of magic
 c - a potion of lignification {unknown}
 d - a potion of ambrosia {unknown}


   Skills:
 - Level 2.0 Dodging
 - Level 2.0 Stealth
 - Level 2.0 Spellcasting
 + Level 1.4 Transmutations
 - Level 3.0 Poison Magic


You had 3 spell levels left.
You knew the following spells:

 Your Spells              Type           Power      Damage    Failure   Level
a - Sting                 Tmut/Pois      32%        1d4       9%          1

Your spell library contained the following spells:

 Spells                   Type           Power      Damage    Failure   Level
 Poisonous Vapours        Pois/Air       12%        N/A       19%         2
 Mephitic Cloud           Conj/Pois/Air  4%         N/A       41%         3
 Olgreb's Toxic Radiance  Pois           10%        N/A       54%         4


Dungeon Overview and Level Annotations

Branches:
Dungeon (1/15)

Altars:
Gozag


Message History

Welcome, Flugslaktarn the Human Venom Mage.
It is said that the Orb of Zot exists deep within this dungeon.
Press ? for a list of commands and other information.
Found three staircases leading out of the dungeon.
You open the door.
There is an open door here.
Found 12 gold pieces.
You now have 12 gold pieces.
Found a stone staircase leading down.
Found a murky purple potion.
An endoplasm comes into view.
You see here a murky purple potion.
c - a murky purple potion
Casting: Sting (safe; 10% risk of failure)
Confirm with . or Enter, or press ? or * to list all spells.
Aiming: Sting (safe; 10% risk of failure)
Press: ? - help, Shift-Dir - straight line, f - endoplasm
Aim: an endoplasm (asleep, 100% to hit)
The sting hits the endoplasm.
The endoplasm partially resists.
The endoplasm is poisoned.
The endoplasm is heavily wounded.
The endoplasm quivers.
Casting: Sting (safe; 10% risk of failure)
Confirm with . or Enter, or press ? or * to list all spells.
Aiming: Sting (safe; 10% risk of failure)
Press: ? - help, Shift-Dir - straight line, f/p - endoplasm
Aim: an endoplasm (moderately wounded, poisoned, 97% to hit)
The sting hits the endoplasm.
The endoplasm partially resists.
The endoplasm looks even sicker.
The endoplasm is heavily wounded.
You kill the endoplasm!
You open the door.
A giant cockroach comes into view.
There is an open door here.
Found a green potion.
Casting: Sting (safe; 10% risk of failure)
Confirm with . or Enter, or press ? or * to list all spells.
Aiming: Sting (safe; 10% risk of failure)
Press: ? - help, Shift-Dir - straight line, f - giant cockroach
Aim: a giant cockroach (asleep, 100% to hit)
The sting hits the giant cockroach.
The giant cockroach is poisoned.
The giant cockroach is moderately wounded.
You hit the giant cockroach but do no damage.
The giant cockroach is heavily wounded.
You kill the giant cockroach!
Found a robe.
d - a green potion As you open the door, it creaks loudly!
Found a faded altar of an unknown god.
There is an open door here.
There is a faded altar of an unknown god here.
You cannot tell which god this altar belongs to.
Convert to them anyway?
Gozag accepts your prayer! Gozag welcomes you!
Gozag waives the service fee.
Are you sure you want to abandon this character and quit the game? (Confirm with "yes".)

.# .#.# ...#
#########..#
#.......#..#
..>.....#.......#..#
........#..###..#..#
######......#..'@#..'.#
≈≈≈≈#.......#..###..#.#
....+.......#.[.....#.#
....#.......#.......#.##
...♣#.......#########..#
.P♣♣#..................#
♣♣♣ #......###.........#
#####.......##.........#
......##....##.........#


There were no monsters in sight!

Vanquished Creatures
  An endoplasm (D:1)
  A giant cockroach (D:1)
2 creatures vanquished.

Notes
Turn   | Place    | Note
-------+----------+-------------------------------------------
     0 | D:1      | Flugslaktarn the Human Venom Mage began the quest for the
                  | Orb.
     0 | D:1      | Reached XP level 1. HP: 13/13 MP: 3/3
    47 | D:1      | Found a faded altar of an unknown god.
    50 | D:1      | Prayed at the altar of an unknown god.
    50 | D:1      | Became a worshipper of Gozag Ym Sagoz the Greedy
    51 | D:1      | Quit the game

Illustrated notes

Levels and vault maps discovered:
D:1:      tarquinn_simple_flora_water_c, layout_basic,
          hellmonk_ecumenical_altar_inner_sanctum

Action                   || total
-------------------------++-------
Melee: Unarmed           ||     1
 Cast: Sting             ||     3

Table legend: (Time is in decaauts)
 A = Elapsed time spent in this place.
 B = Non-inter-level travel time spent in this place.
 C = Inter-level travel time spent in this place.
 D = Time resting spent in this place.
 E = Time spent auto-exploring this place.
 F = Levels seen in this place.
 G = Mean time per level.
                   A        B        C        D        E       F      G
               +--------+--------+--------+--------+--------+-----+--------+
         Total |     51 |     51 |      0 |      0 |      0 |   1 |   51.0 |
       Dungeon |     51 |     51 |      0 |      0 |      0 |   1 |   51.0 |
               +--------+--------+--------+--------+--------+-----+--------+

Top non-repeatable levels by time:
     D:1: 51 daAuts
